[Event "Titled Tuesday Blitz April 26 Late 2022"]
[White "Skliarov, Viktor"]
[Black "Harshavardhan G B"]
[WhiteFideId "14106736"]
[BlackFideId "25059009"]
[WhiteElo "2229"]
[BlackElo "1831"]
[Result "0-1"]
[Round "05"]
[TimeControl "180+1"]
[Date "2022.04.26"]
[WhiteClock "0:00:02"]
[BlackClock "0:01:21"]

1. e4 e5 2. Nc3 Nf6 3. Bc4 Nxe4 4. Qh5 Nd6 5. Bb3 Be7 6. Qxe5 O-O 7. d3 Nc6 8. Qf4 Re8 9. Nge2 Bf6 10. O-O Be5 11. Qf3 b6 12. d4 Bf6 13. Nd5 Bxd4 14. Nxd4 Nxd4 15. Qg4 Ne6 16. f4 f5 17. Qh3 a5 18. c3 Bb7 19. a4 Kh8 20. Be3 Nc5 21. Bxc5 bxc5 22. Rad1 Re2 23. Qd3 Rxb2 24. c4 Bxd5 25. cxd5 Rb8 26. Bc2 Qf6 27. Rfe1 c4 28. Qd2 h6 29. Re5 Qh4 30. Qc3 R8b3 31. Qxa5 Rxc2 32. Rf1 Rbb2 33. Qxc7 Rxg2+ 0-1


[Site "https://www.chess.com"]

[Event "Titled Tuesday Blitz April 26 Late 2022"]
[White "Smail, Benedict"]
[Black "Balint, Vilmos"]
[WhiteFideId "2050480"]
[BlackFideId "718050"]
[WhiteElo "2070"]
[BlackElo "2059"]
[Result "1/2-1/2"]
[Round "05"]
[TimeControl "180+1"]
[Date "2022.04.26"]
[WhiteClock "0:00:07"]
[BlackClock "0:00:49"]

1. d4 f5 2. g3 Nf6 3. Bg2 g6 4. Nf3 Bg7 5. O-O O-O 6. c4 d6 7. d5 Qe8 8. Nc3 e5 9. dxe6 Bxe6 10. Nd5 Nxd5 11. cxd5 Bd7 12. Bd2 a5 13. Bc3 Qe7 14. Re1 Bxc3 15. bxc3 Na6 16. Qd4 Nc5 17. Nd2 Qf6 18. Rab1 Rae8 19. Qxf6 Rxf6 20. e4 f4 21. f3 fxg3 22. hxg3 b6 23. Nc4 Rff8 24. Re3 g5 25. e5 b5 26. Nxa5 dxe5 27. Nb3 Na4 28. Rbe1 Bf5 29. Rxe5 Rxe5 30. Rxe5 Nxc3 31. Nd4 Bg6 32. Rxg5 Nxa2 33. Nxb5 Rc8 34. f4 Kf7 35. Bh3 Rb8 36. Nxc7 Nc3 37. Be6+ Kf6 38. Rg4 Rb2 39. Na6 Be4 40. Rh4 Rg2+ 41. Kf1 Ne2 42. Ke1 Nxg3 43. Nc5 Re2+ 44. Kd1 Bf3 45. Kc1 Rf2 46. Rxh7 Ne2+ 47. Kd2 Nxf4+ 48. Ke3 Be4 49. Kxf2 Bxh7 50. Kf3 Nxe6 51. dxe6 Bg8 52. Kf4 Bxe6 1/2-1/2


[Site "https://www.chess.com"]

[Event "Titled Tuesday Blitz April 26 Late 2022"]
[White "Song, Guannan Terry"]
[Black "Ansh M Shah"]
[WhiteFideId "2614189"]
[BlackFideId "25033379"]
[WhiteElo "2115"]
[BlackElo "1819"]
[Result "1/2-1/2"]
[Round "05"]
[TimeControl "180+1"]
[Date "2022.04.26"]
[WhiteClock "0:00:08"]
[BlackClock "0:00:06"]

1. d4 Nf6 2. Bg5 d5 3. Bxf6 exf6 4. e3 Bd6 5. c4 dxc4 6. Bxc4 O-O 7. Nc3 b6 8. Nf3 Bb7 9. O-O a6 10. Rc1 b5 11. Bd3 Nd7 12. Qc2 g6 13. Ne4 Bxe4 14. Bxe4 Rb8 15. Nd2 Qe7 16. Bf3 Rfc8 17. Ne4 Bb4 18. a3 Ba5 19. b4 Bb6 20. Nc5 Bxc5 21. dxc5 Ne5 22. Be2 c6 23. Rfd1 Rd8 24. Rd4 f5 25. Rcd1 Rxd4 26. exd4 Nd7 27. Bf3 Rc8 28. d5 cxd5 29. Bxd5 Nf6 30. Bf3 Kg7 31. Qd2 Ne4 32. Qd4+ Kg8 33. g3 Nf6 34. Kg2 h5 35. Qd6 Rc7 36. Qxa6 g5 37. Qd6 g4 38. Ba8 Qe2 39. Qd2 Qe7 40. Qd8+ Qxd8 41. Rxd8+ Kg7 42. Rb8 Nd7 43. Bd5 Nxb8 44. Bb3 Nc6 45. Bc2 Nd4 46. Bd3 Nb3 47. Bxb5 Nd4 48. Bc4 Nc2 49. Bd3 Nxa3 50. Kf1 Rd7 51. Ke2 Rb7 52. c6 Rc7 53. b5 Nxb5 54. Bxb5 Kf6 55. Kd3 Ke5 56. Kc4 Kd6 57. Kd4 f6 58. Ba4 Rxc6 59. Bxc6 Kxc6 60. Ke3 Kd6 61. Kf4 Ke6 62. Ke3 Ke5 63. f4+ gxf3 64. Kxf3 Kd5 65. Kf4 Ke6 66. Ke3 Ke5 67. Kf3 Kd5 68. Kf4 Ke6 69. Ke3 Kf7 70. Kf4 Kg6 71. h4 Kg7 72. Kxf5 Kf7 73. Kf4 Ke6 74. Ke4 Ke7 75. Kf5 Kf7 76. Kf4 Ke6 77. Ke4 Ke7 78. Kd5 Kd7 79. Kd4 Ke6 80. Ke4 1/2-1/2


[Site "https://www.chess.com"]

[Event "Titled Tuesday Blitz April 26 Late 2022"]
[White "Stanisz, Patryk"]
[Black "Spata, German"]
[WhiteFideId "1123106"]
[BlackFideId "113026"]
[WhiteElo "1833"]
[BlackElo "2238"]
[Result "0-1"]
[Round "05"]
[TimeControl "180+1"]
[Date "2022.04.26"]
[WhiteClock "0:00:03"]
[BlackClock "0:00:27"]

1. d4 e6 2. c4 Bb4+ 3. Bd2 Bxd2+ 4. Qxd2 Nf6 5. Nc3 d5 6. e3 O-O 7. Nf3 c6 8. Bd3 b6 9. O-O Bb7 10. cxd5 cxd5 11. Rac1 Nc6 12. Qe2 Qd7 13. Bb5 Rfc8 14. Ne5 Qd6 15. f4 Qd8 16. Bd3 Ne7 17. g4 Rc7 18. Nb5 Rxc1 19. Rxc1 a6 20. Nc3 b5 21. g5 Ne4 22. Qh5 g6 23. Qh3 Rc8 24. Ng4 Nf5 25. Bxe4 dxe4 26. Nf6+ Kf8 27. Qxh7 b4 28. Ne2 Rxc1+ 29. Nxc1 Ke7 30. Ng4 Qc7 31. Nb3 Qc2 32. Ne5 Qd1+ 33. Kf2 Qc2+ 34. Ke1 Qb1+ 35. Ke2 Qxb2+ 36. Nd2 Nd6 37. Nxg6+ Kd7 38. Ne5+ Ke7 39. g6 a5 40. Nxf7 Ba6+ 41. Ke1 Qc1+ 42. Kf2 Qxd2+ 43. Kg3 Qxe3+ 44. Kh4 Qxf4+ 45. Kh5 Nxf7 46. Qxf7+ Qxf7 47. gxf7 Kxf7 48. Kg4 e3 49. Kf4 e2 0-1


[Site "https://www.chess.com"]

[Event "Titled Tuesday Blitz April 26 Late 2022"]
[White "Svane, Frederik"]
[Black "Song, Michael"]
[WhiteFideId "12923044"]
[BlackFideId "2613190"]
[WhiteElo "2459"]
[BlackElo "2274"]
[Result "1-0"]
[Round "05"]
[TimeControl "180+1"]
[Date "2022.04.26"]
[WhiteClock "0:00:08"]
[BlackClock "0:00:08"]

1. e4 e5 2. Nf3 Nc6 3. Bb5 Nf6 4. O-O Nxe4 5. Re1 Nd6 6. Nxe5 Be7 7. Bf1 Nf5 8. Nc3 O-O 9. Nd5 Nxe5 10. Rxe5 d6 11. Re1 Bg5 12. c4 c6 13. Nc3 Bf6 14. d3 d5 15. Bf4 Be6 16. Be5 Nd4 17. cxd5 cxd5 18. Qa4 Nc6 19. d4 Bxe5 20. dxe5 d4 21. Rad1 Qb6 22. Nb5 Rad8 23. Rd2 a6 24. Na3 Bxa2 25. Bc4 Bxc4 26. Nxc4 Qc5 27. Nd6 Nxe5 28. Nxb7 Nf3+ 29. gxf3 Qg5+ 30. Kf1 Qxd2 31. Nxd8 Qxb2 32. Nc6 Qd2 33. Qxd4 Qxd4 34. Nxd4 g6 35. Ra1 Ra8 36. Nb3 Kg7 37. Ra5 h5 38. Nc5 Kf6 39. Rxa6+ Rxa6 40. Nxa6 Kg5 41. Kg2 Kh4 42. Nc5 f5 43. Nd3 g5 44. Ne5 f4 45. Ng6# 1-0


[Site "https://www.chess.com"]

[Event "Titled Tuesday Blitz April 26 Late 2022"]
[White "Swiercz, Dariusz"]
[Black "Lehtosaari, Mauri"]
[WhiteFideId "1126881"]
[BlackFideId "501999"]
[WhiteElo "2627"]
[BlackElo "2530"]
[Result "1-0"]
[Round "05"]
[TimeControl "180+1"]
[Date "2022.04.26"]
[WhiteClock "0:01:49"]
[BlackClock "0:00:11"]

1. d4 d5 2. c4 c6 3. Nf3 Nf6 4. Qb3 dxc4 5. Qxc4 Bf5 6. g3 e6 7. Bg2 Nbd7 8. O-O Be7 9. Qb3 Qb6 10. Nbd2 O-O 11. Nc4 Qxb3 12. axb3 Rfc8 13. Bf4 Nd5 14. Bd2 Bg6 15. Rfc1 h6 16. Nfe5 Nxe5 17. Nxe5 Bh7 18. Nc4 Bb4 19. Bxd5 Bxd2 20. Bxe6 Bxc1 21. Bxc8 Bxb2 22. Nxb2 Rxc8 23. Rxa7 Rb8 24. b4 Bf5 25. e3 Be6 26. Kf1 Kf8 27. Ke1 Ke7 28. Kd2 Kd6 29. Kc3 Kc7 30. Ra5 Kb6 31. h4 Rg8 32. Na4+ Kc7 33. Nc5 Bh3 34. Ra7 Rb8 35. e4 Kb6 36. Ra5 Bf1 37. Nd7+ 1-0


[Site "https://www.chess.com"]

[Event "Titled Tuesday Blitz April 26 Late 2022"]
[White "Taichman, Ori"]
[Black "Rustemov, Alexander"]
[WhiteFideId "2804069"]
[BlackFideId "4119002"]
[WhiteElo "2227"]
[BlackElo "2865"]
[Result "0-1"]
[Round "05"]
[TimeControl "180+1"]
[Date "2022.04.26"]
[WhiteClock "0:00:22"]
[BlackClock "0:01:23"]

1. e4 e6 2. d4 d5 3. Nc3 Bb4 4. e5 c5 5. Bd2 Bd7 6. Qg4 Ne7 7. dxc5 Nbc6 8. Qxg7 Rg8 9. Qxh7 Nxe5 10. O-O-O Qc7 11. Nb5 Bxd2+ 12. Rxd2 Qxc5 13. Nd4 N5g6 14. h4 e5 15. Nb3 Qb6 16. h5 Nf4 17. h6 Qf6 0-1


[Site "https://www.chess.com"]

[Event "Titled Tuesday Blitz April 26 Late 2022"]
[White "Tanenbaum, Zachary"]
[Black "Migot, Tangi"]
[WhiteFideId "2060850"]
[BlackFideId "662445"]
[WhiteElo "2168"]
[BlackElo "2517"]
[Result "1-0"]
[Round "05"]
[TimeControl "180+1"]
[Date "2022.04.26"]
[WhiteClock "0:01:06"]
[BlackClock "0:00:15"]

1. e4 c5 2. Nf3 b6 3. d4 cxd4 4. Nxd4 Bb7 5. Nc3 d6 6. Bd3 Nd7 7. Be3 Ngf6 8. f4 e6 9. O-O a6 10. Qf3 h5 11. h3 h4 12. Rae1 b5 13. Bf2 Be7 14. Qe3 g6 15. e5 dxe5 16. Nxe6 fxe6 17. Bxg6+ Kf8 18. fxe5 Bc5 19. Qg5 Bxf2+ 20. Rxf2 Qe7 21. Ref1 Qc5 22. Kh1 Ke7 23. Rxf6 Nxf6 24. Qxf6+ Kd7 25. Qg7+ Qe7 26. Rf7 Rae8 27. Rxe7+ Rxe7 28. Qxh8 1-0


[Site "https://www.chess.com"]

[Event "Titled Tuesday Blitz April 26 Late 2022"]
[White "Tari, Aryan"]
[Black "Deac, Bogdan-Daniel"]
[WhiteFideId "1510045"]
[BlackFideId "1226380"]
[WhiteElo "2567"]
[BlackElo "2648"]
[Result "1/2-1/2"]
[Round "05"]
[TimeControl "180+1"]
[Date "2022.04.26"]
[WhiteClock "0:00:24"]
[BlackClock "0:00:17"]

1. e4 e5 2. Nf3 Nc6 3. d4 exd4 4. Nxd4 Nf6 5. Nxc6 bxc6 6. e5 Qe7 7. Qe2 Nd5 8. h4 Qe6 9. Nd2 d6 10. exd6 Bxd6 11. Nc4 Bc5 12. a3 O-O 13. Qxe6 Bxe6 14. Bd3 a5 15. O-O Rfb8 16. Bd2 a4 17. Rae1 Bd4 18. Bc1 Nf6 19. Ne5 Bxb2 20. Nxc6 Bxc1 21. Rxc1 Rb6 22. Nd4 Bd7 23. Rfe1 Kf8 24. Nf3 Rab8 25. Ng5 h6 26. Ne4 Nxe4 27. Rxe4 Rb1 28. Rxb1 Rxb1+ 29. Kh2 Ra1 30. Rc4 Rxa3 31. Rxc7 Be6 32. Bb5 Ra2 33. c4 Rxf2 34. Ra7 Ra2 35. Rxa4 Rxa4 36. Bxa4 Bxc4 37. Kg3 Bd5 38. Kf2 Ke7 39. g3 Kf6 40. Bc2 Ke5 41. Ke3 f5 42. Bb1 Be4 43. Ba2 g5 44. hxg5 hxg5 45. Kf2 f4 46. gxf4+ Kxf4 47. Kg1 1/2-1/2


[Site "https://www.chess.com"]

[Event "Titled Tuesday Blitz April 26 Late 2022"]
[White "Tatarinov, Dmitry"]
[Black "Paravyan, David"]
[WhiteFideId "24160067"]
[BlackFideId "4194985"]
[WhiteElo "2302"]
[BlackElo "2569"]
[Result "0-1"]
[Round "05"]
[TimeControl "180+1"]
[Date "2022.04.26"]
[WhiteClock "0:00:16"]
[BlackClock "0:01:05"]

1. d4 Nf6 2. c4 g6 3. Nf3 Bg7 4. g3 c6 5. Bg2 d5 6. cxd5 cxd5 7. O-O Nc6 8. Ne5 Bd7 9. Nxc6 Bxc6 10. Nc3 O-O 11. Bf4 e6 12. Be5 Bh6 13. e3 Qe7 14. Qf3 Nd7 15. Bf4 g5 16. Qh5 Kg7 17. Be5+ f6 18. Bc7 Rac8 19. e4 dxe4 20. d5 exd5 21. Rac1 Qf7 22. Qxf7+ Kxf7 23. Bd6 Rfe8 24. Rfd1 Nb6 25. Bc5 g4 26. Rc2 f5 27. Bxb6 axb6 28. Nxd5 Rcd8 29. Nc3 Rxd1+ 30. Nxd1 Rd8 31. Ne3 Ke6 32. Bf1 Bf8 33. Bc4+ Ke5 34. Be2 Bc5 35. a3 Ba4 36. Nc4+ Kf6 37. Rc1 Bb3 38. Kf1 h5 39. Ke1 f4 40. gxf4 Kf5 41. Nd2 Bd5 42. b4 Bd6 43. Bc4 Bxf4 44. Bxd5 Rxd5 45. Rc2 Bxd2+ 46. Rxd2 Rxd2 47. Kxd2 Kf4 48. Ke2 b5 49. Ke1 Kf3 50. Kf1 h4 51. Kg1 Ke2 52. Kg2 Ke1 53. Kg1 h3 54. Kh1 Kxf2 55. a4 e3 56. axb5 e2 0-1


[Site "https://www.chess.com"]

[Event "Titled Tuesday Blitz April 26 Late 2022"]
[White "Toncheva, Nadya"]
[Black "Zumsande, Martin"]
[WhiteFideId "2924056"]
[BlackFideId "4651324"]
[WhiteElo "1884"]
[BlackElo "2368"]
[Result "1-0"]
[Round "05"]
[TimeControl "180+1"]
[Date "2022.04.26"]
[WhiteClock "0:00:07"]
[BlackClock "0:00:21"]

1. e4 e6 2. d4 d5 3. Nd2 Be7 4. Bd3 c5 5. exd5 exd5 6. dxc5 Bxc5 7. Ngf3 Nf6 8. O-O O-O 9. Nb3 Bb6 10. Nbd4 Nc6 11. Be3 Bg4 12. Be2 Re8 13. Re1 Qd7 14. Qd2 Ne4 15. Qd3 Rac8 16. c3 Bh5 17. Rad1 Bg6 18. Qb5 Qe7 19. Qxd5 Nxd4 20. Bxd4 Bxd4 21. Qxd4 Qc5 22. Bd3 Qxd4 23. Nxd4 Nxc3 24. bxc3 Bxd3 25. f3 Bc4 26. a3 g6 27. Kf2 Rxe1 28. Rxe1 Kf8 29. Re5 b6 30. Ke3 f6 31. Re4 Kf7 32. Kd2 Bd5 33. Re3 Re8 34. Nb5 Rxe3 35. Kxe3 a6 36. Nc7 Bb7 37. Kd4 Ke7 38. Nd5+ Bxd5 39. Kxd5 Kd7 40. a4 a5 41. c4 h6 42. c5 Kc7 43. cxb6+ Kxb6 44. g3 h5 45. h4 g5 46. f4 gxh4 47. gxh4 f5 48. Ke5 Kc5 49. Kxf5 Kb4 50. Kg5 Kxa4 51. f5 Kb3 52. f6 a4 53. f7 a3 54. f8=Q a2 55. Qf7+ Kb2 56. Qxa2+ Kxa2 57. Kxh5 Kb3 58. Kg6 Kc4 59. h5 1-0


[Site "https://www.chess.com"]

[Event "Titled Tuesday Blitz April 26 Late 2022"]
[White "Torres Cueto, Jesus Marcial"]
[Black "Przybylski, Wojciech"]
[WhiteFideId "4415280"]
[BlackFideId "1117599"]
[WhiteElo "2055"]
[BlackElo "2133"]
[Result "1-0"]
[Round "05"]
[TimeControl "180+1"]
[Date "2022.04.26"]
[WhiteClock "0:00:31"]
[BlackClock "0:00:04"]

1. d4 Nf6 2. c4 e6 3. Nc3 Bb4 4. Qc2 d5 5. Bg5 O-O 6. e3 c5 7. Nf3 cxd4 8. Nxd4 Nc6 9. Nxc6 bxc6 10. Bd3 h6 11. Bh4 Be7 12. O-O Nd7 13. Bxe7 Qxe7 14. cxd5 cxd5 15. e4 dxe4 16. Bxe4 Rb8 17. Rfd1 Bb7 18. Bxb7 Rxb7 19. Ne4 Nf6 20. b3 Nd5 21. Rac1 Rc7 22. Qe2 Rfc8 23. Rxc7 Rxc7 24. Qb5 f5 25. Ng3 Nf6 26. Qb8+ Kh7 27. h3 f4 28. Ne2 e5 29. Qb5 Rc5 30. Qa6 Nd5 31. Qd3+ e4 32. Qd4 a5 33. Kh2 Nf6 34. Nxf4 Qc7 35. g3 Rd5 36. Qa1 Rf5 37. Qc1 Qe5 38. Qe3 g5 39. Ng2 Rf3 40. Qa7+ Kg6 41. Kg1 h5 42. Ne1 Rf5 43. Ng2 Rf3 44. h4 gxh4 45. Nxh4+ Kg5 46. Nxf3+ exf3 47. Qe3+ Qxe3 48. fxe3 Ne4 49. Rd5+ Kg4 50. Rd4 Kf5 51. Rxe4 Kxe4 52. Kf2 Ke5 53. Kxf3 Kd5 54. Kf4 Kc5 55. e4 Kb4 56. Ke3 Ka3 57. Kd3 Kxa2 58. Kc3 Ka3 59. e5 a4 60. bxa4 Kxa4 61. e6 h4 62. e7 h3 63. e8=Q+ Ka5 64. Qh5+ Ka4 65. Qxh3 Ka3 66. Qc8 Ka2 67. Qb7 Ka1 68. Qb2# 1-0


[Site "https://www.chess.com"]

[Event "Titled Tuesday Blitz April 26 Late 2022"]
[White "Tregubov, Pavel V."]
[Black "D`Arruda, Ricardo D."]
[WhiteFideId "4115341"]
[BlackFideId "100692"]
[WhiteElo "2341"]
[BlackElo "2375"]
[Result "1-0"]
[Round "05"]
[TimeControl "180+1"]
[Date "2022.04.26"]
[WhiteClock "0:00:48"]
[BlackClock "0:00:20"]

1. e4 c5 2. Nf3 Nc6 3. c3 Nf6 4. e5 Nd5 5. d4 cxd4 6. cxd4 d6 7. Bc4 e6 8. O-O Be7 9. Qe2 O-O 10. Rd1 Bd7 11. Bd2 Rc8 12. Nc3 Nxc3 13. Bxc3 d5 14. Bd3 f5 15. exf6 Bxf6 16. Bb5 Qe8 17. Bxc6 Bxc6 18. Bb4 Bb5 19. Qe3 Rf7 20. Re1 Bd7 21. Bd6 Rc6 22. Be5 Qc8 23. h3 Be7 24. Rac1 Rxc1 25. Rxc1 Bc6 26. Bg3 Bf6 27. Qa3 a6 28. Qa5 Qd7 29. b3 Bd8 30. Qd2 Bf6 31. a4 Rf8 32. Be5 Rc8 33. Bxf6 gxf6 34. Qf4 Rf8 35. Re1 Kg7 36. Qg4+ Kf7 37. Qh5+ Kg7 38. Nh2 Re8 39. Ng4 Qe7 40. Qh6+ Kg8 41. Nxf6+ 1-0


[Site "https://www.chess.com"]

[Event "Titled Tuesday Blitz April 26 Late 2022"]
[White "Tristan, Leonardo"]
[Black "Sarana, Alexey"]
[WhiteFideId "113816"]
[BlackFideId "24133795"]
[WhiteElo "2404"]
[BlackElo "2666"]
[Result "0-1"]
[Round "05"]
[TimeControl "180+1"]
[Date "2022.04.26"]
[WhiteClock "0:00:02"]
[BlackClock "0:00:31"]

1. d4 Nf6 2. Nf3 d5 3. Bf4 c5 4. e3 Nc6 5. Nbd2 Qb6 6. dxc5 Qxb2 7. Rb1 Qa3 8. Nb3 Ne4 9. Qd3 Nb4 10. Qb5+ Bd7 11. Qxb7 Rd8 12. Bb5 Nxc2+ 13. Kf1 Nxc5 14. Nxc5 Qxc5 15. Bxd7+ Rxd7 16. Qa8+ Rd8 17. Rb8 Qb5+ 18. Rxb5 Rxa8 19. Rxd5 Nb4 20. Rb5 e6 21. Ke2 Nxa2 22. Be5 f6 23. Bb2 Be7 24. Ra1 Nb4 25. Rb7 a5 26. Nd4 Kf7 27. Rc1 Rhc8 28. Rxc8 Rxc8 29. Ra7 g6 30. f4 e5 31. fxe5 fxe5 0-1


[Site "https://www.chess.com"]

[Event "Titled Tuesday Blitz April 26 Late 2022"]
[White "Vachier-Lagrave, Maxime"]
[Black "Makarian, Rudik"]
[WhiteFideId "623539"]
[BlackFideId "44105681"]
[WhiteElo "2813"]
[BlackElo "2388"]
[Result "0-1"]
[Round "05"]
[TimeControl "180+1"]
[Date "2022.04.26"]
[WhiteClock "0:00:02"]
[BlackClock "0:00:08"]

1. e4 e5 2. Nf3 Nc6 3. Bb5 a6 4. Ba4 Bc5 5. c3 Nge7 6. d4 exd4 7. cxd4 Bb4+ 8. Nc3 d5 9. O-O O-O 10. e5 Bg4 11. Be3 f6 12. e6 Bxe6 13. Re1 Bxc3 14. bxc3 Qd7 15. h3 b5 16. Bb3 Na5 17. Bc1 Rfe8 18. Ba3 Nc4 19. Bc5 Ng6 20. Kh2 Bf5 21. Rxe8+ Rxe8 22. a4 Nb2 23. Qd2 Nxa4 24. Bb4 c6 25. Kg1 Be4 26. Nh2 Nb6 27. f3 Bf5 28. Rxa6 Nc4 29. Bxc4 bxc4 30. Qa2 Bd3 31. Ra8 h5 32. Rxe8+ Qxe8 33. Qd2 Kh7 34. Bd6 Qa8 35. g4 Qa1+ 36. Kf2 h4 37. Kg2 Qb1 38. Ba3 Qb3 39. Bc1 Qb8 40. Qf2 Kg8 41. Bd2 Qd6 42. f4 Be4+ 43. Kg1 f5 44. g5 Qb8 45. Nf1 Qb1 46. Kh2 Qd1 47. Be3 Kf7 48. Bd2 Kg8 49. Be3 Nf8 50. Bd2 Ne6 51. Qe1 Qf3 52. Ne3 Qxf4+ 53. Kg1 Qf3 54. Qxh4 Nf4 55. g6 Ne2+ 56. Kh2 Qh1# 0-1


[Site "https://www.chess.com"]

[Event "Titled Tuesday Blitz April 26 Late 2022"]
[White "Vasquez Schroeder, Rodrigo"]
[Black "Yoo, Christopher Woojin"]
[WhiteFideId "3400042"]
[BlackFideId "30909694"]
[WhiteElo "2561"]
[BlackElo "2105"]
[Result "1-0"]
[Round "05"]
[TimeControl "180+1"]
[Date "2022.04.26"]
[WhiteClock "0:01:01"]
[BlackClock "0:00:04"]

1. e4 e5 2. Nf3 Nc6 3. Bc4 Bc5 4. c3 Nf6 5. d3 d6 6. Bb3 h6 7. h3 O-O 8. O-O a6 9. Re1 Ba7 10. Nbd2 Re8 11. Nf1 Be6 12. Ng3 d5 13. Be3 Bxe3 14. Rxe3 Qd6 15. Re1 Rad8 16. Qc2 dxe4 17. dxe4 Qd3 18. Qxd3 Rxd3 19. Rad1 Rxd1 20. Rxd1 Kf8 21. Kf1 g6 22. Ke2 Ke7 23. Ke3 Na5 24. Bxe6 Kxe6 25. Nd2 Rd8 26. Ke2 Ne8 27. b4 Nc6 28. Ngf1 f5 29. Ne3 Nf6 30. f3 Ne7 31. g4 fxe4 32. fxe4 Nc8 33. Nec4 Nd6 34. Nxd6 Rxd6 35. Rc1 b5 36. a4 Nd7 37. axb5 axb5 38. Ra1 c5 39. Ra5 cxb4 40. cxb4 Rb6 41. Nb3 Kd6 42. Kd3 Nb8 43. Ra7 Nc6 44. Rg7 Ne7 45. Nc5 Rb8 46. Rf7 h5 47. Rf6+ Kc7 48. Na6+ Kb7 49. Nxb8 Kxb8 50. Re6 Nc8 51. Rxe5 Nd6 52. Re6 Nc4 53. Kd4 hxg4 54. hxg4 g5 55. Rg6 Nd2 56. Kd5 1-0


[Site "https://www.chess.com"]

[Event "Titled Tuesday Blitz April 26 Late 2022"]
[White "Vega Gutierrez, Sabrina"]
[Black "Sovetbekova, Nurai"]
[WhiteFideId "2219026"]
[BlackFideId "13801910"]
[WhiteElo "2286"]
[BlackElo "1538"]
[Result "1-0"]
[Round "05"]
[TimeControl "180+1"]
[Date "2022.04.26"]
[WhiteClock "0:00:30"]
[BlackClock "0:00:01"]

1. e4 c5 2. Nf3 d6 3. d4 cxd4 4. Qxd4 Nc6 5. Bb5 Bd7 6. Bxc6 Bxc6 7. Nc3 e5 8. Qd3 Be7 9. O-O Nf6 10. Bg5 Qc7 11. Rfd1 Rd8 12. Nb5 Bxb5 13. Qxb5+ Qc6 14. Qxc6+ bxc6 15. Bxf6 Bxf6 16. c4 Ke7 17. Rd3 Rb8 18. b3 a5 19. c5 Rhd8 20. cxd6+ Rxd6 21. Rad1 Rbd8 22. Ne1 Rxd3 23. Rxd3 Rd4 24. f3 Kd6 25. Rxd4+ exd4 26. Nd3 c5 27. Kf2 a4 28. Ke2 axb3 29. axb3 Bd8 30. Nb2 Kc6 31. Nc4 Bc7 32. g3 Kb5 33. Kd3 Kb4 34. Nd2 g5 35. Kc2 h5 36. Nc4 f6 37. Nd2 Be5 38. Nc4 Bc7 39. Nb2 Ka3 40. Nd3 Bd6 41. f4 gxf4 42. gxf4 Be7 43. h3 h4 44. e5 fxe5 45. fxe5 Bf8 46. Nf4 Bg7 47. e6 Bf6 48. Nd5 Bd8 49. e7 Bxe7 50. Nxe7 d3+ 51. Kxd3 Kxb3 52. Nf5 c4+ 53. Kd2 Kb2 54. Ne3 c3+ 55. Kd3 Kb3 56. Nc2 Kb2 57. Nd4 Kc1 58. Kxc3 1-0


[Site "https://www.chess.com"]

[Event "Titled Tuesday Blitz April 26 Late 2022"]
[White "Winkels, Marcel"]
[Black "Leschinsky, Gary"]
[WhiteFideId "1003887"]
[BlackFideId "30951321"]
[WhiteElo "1900"]
[BlackElo "1782"]
[Result "0-1"]
[Round "05"]
[TimeControl "180+1"]
[Date "2022.04.26"]
[WhiteClock "0:00:03"]
[BlackClock "0:00:56"]

1. e4 c6 2. d4 d5 3. exd5 cxd5 4. c4 Nf6 5. Nc3 e6 6. Nf3 Be7 7. cxd5 Nxd5 8. Bd3 O-O 9. O-O Nc6 10. a3 Bf6 11. Re1 Nxc3 12. bxc3 b6 13. Qc2 h6 14. Be4 Bb7 15. Bf4 Na5 16. Ne5 Rc8 17. Bxb7 Nxb7 18. Qe4 Nd6 19. Qf3 Nb5 20. Bd2 Qd5 21. Qxd5 exd5 22. Nd7 Rfe8 23. Nxf6+ gxf6 24. a4 Rxe1+ 25. Rxe1 Nxc3 26. Bxh6 Kh7 27. Bf4 Nxa4 28. Re7 Kg6 29. Rxa7 Rc4 30. Be3 Nc3 31. Rb7 b5 32. h3 b4 33. g4 Ne2+ 34. Kf1 Nxd4 35. h4 Nc2 36. Bd2 Rxg4 37. Rc7 Nd4 38. Bxb4 Ne6 39. Ra7 Rxb4 0-1


[Site "https://www.chess.com"]

[Event "Titled Tuesday Blitz April 26 Late 2022"]
[White "Yanayt, Eugene"]
[Black "Dahlgren, James Allen"]
[WhiteFideId "2020165"]
[BlackFideId "22256873"]
[WhiteElo "2046"]
[BlackElo "2088"]
[Result "1-0"]
[Round "05"]
[TimeControl "180+1"]
[Date "2022.04.26"]
[WhiteClock "0:00:13"]
[BlackClock "0:00:06"]

1. d4 e6 2. g3 c5 3. Nf3 Nf6 4. Bg2 Nc6 5. O-O d5 6. c4 Be7 7. cxd5 exd5 8. Nc3 cxd4 9. Nxd4 O-O 10. Bf4 Be6 11. Rc1 Nxd4 12. Qxd4 Qd7 13. Rfd1 Rfd8 14. Qa4 Qxa4 15. Nxa4 h6 16. Nc5 Rac8 17. Nxe6 fxe6 18. Bh3 Kf7 19. f3 g5 20. Be5 Nd7 21. Bc7 Bc5+ 22. Rxc5 Nxc5 23. Bxd8 Rxd8 24. Rc1 b6 25. b4 Na6 26. a3 Nb8 27. Rc7+ Rd7 28. Rc8 Na6 29. Rh8 Kg7 30. Bxe6 Kxh8 31. Bxd7 Kg7 32. Kg2 d4 33. f4 Kf6 34. Kf3 Nb8 35. Bb5 a6 36. Be8 Ke7 37. Ba4 Kd6 38. Ke4 b5 39. Bb3 Nc6 40. Bd5 Ne7 41. Ba8 gxf4 42. gxf4 Ng6 43. f5 Nh4 44. Kxd4 Nxf5+ 45. Ke4 Ne7 46. Bb7 Nc6 47. Bxc6 Kxc6 48. Ke5 a5 49. e4 axb4 50. axb4 Kd7 51. Kf6 Kd6 52. h3 h5 53. h4 1-0


[Site "https://www.chess.com"]

[Event "Titled Tuesday Blitz April 26 Late 2022"]
[White "Yuan, Qingyu"]
[Black "Schekachikhin, Maksim"]
[WhiteFideId "8609772"]
[BlackFideId "24177830"]
[WhiteElo "2359"]
[BlackElo "2230"]
[Result "1-0"]
[Round "05"]
[TimeControl "180+1"]
[Date "2022.04.26"]
[WhiteClock "0:00:05"]
[BlackClock "0:00:03"]

1. e4 c5 2. Nf3 e6 3. b3 Nc6 4. Bb2 a6 5. d4 cxd4 6. Nxd4 Qc7 7. Nd2 Nf6 8. Nxc6 dxc6 9. Bd3 e5 10. Nc4 Nd7 11. a4 Bb4+ 12. c3 Be7 13. a5 O-O 14. O-O Nc5 15. Bc2 Be6 16. Qe2 Rad8 17. b4 Nd7 18. Ne3 g6 19. Rfd1 Nf6 20. Ba3 Rxd1+ 21. Rxd1 Rd8 22. c4 Rd4 23. c5 Nxe4 24. Rxd4 exd4 25. Bxe4 dxe3 26. Qxe3 Qe5 27. h3 Bg5 28. Qd3 Kg7 29. Qb1 Bf6 30. Bc1 Qa1 31. Qxa1 Bxa1 32. Bd2 Kf6 33. f4 h5 34. Kf2 h4 35. Ke3 Bc4 36. Be1 g5 37. Kf3 Bb2 38. fxg5+ Kxg5 39. Bd2+ Kh5 40. Kf4 Be6 41. Bf3+ Kg6 42. Be4+ Kh5 43. Kf3 Be5 44. Ke2 f5 45. Bf3+ Kg6 46. Be1 Bf6 47. Ke3 Bg5+ 48. Kd4 Bf6+ 49. Ke3 Bg5+ 50. Kd3 Bf6 51. Bf2 Kg5 52. Be3+ Kg6 53. Bf4 Bb2 54. Kc2 Bd4 55. Kd3 Bf6 56. Be3 Be5 57. Bf2 Kg5 58. Be1 1-0


[Site "https://www.chess.com"]

[Event "Titled Tuesday Blitz April 26 Late 2022"]
[White "Yurovskykh, Oleksandr"]
[Black "Omariev, Maksim"]
[WhiteFideId "14134020"]
[BlackFideId "4193423"]
[WhiteElo "2292"]
[BlackElo "2495"]
[Result "0-1"]
[Round "05"]
[TimeControl "180+1"]
[Date "2022.04.26"]
[WhiteClock "0:00:01"]
[BlackClock "0:00:05"]

1. d4 Nf6 2. Nf3 c5 3. c3 e6 4. Bf4 b6 5. e3 Bb7 6. Nbd2 Be7 7. h3 O-O 8. Bd3 d5 9. O-O Nbd7 10. Qe2 a6 11. Rad1 b5 12. Ne5 h6 13. Rfe1 Qb6 14. Bb1 Rfd8 15. Qd3 a5 16. Nxd7 Rxd7 17. Nf3 b4 18. Ne5 Rdd8 19. Ng4 a4 20. Nxf6+ Bxf6 21. Qh7+ Kf8 22. Be5 Ke7 23. Bxf6+ Kxf6 24. dxc5 Qxc5 25. Rd4 Rg8 26. Rxb4 Bc6 27. Qd3 Ke7 28. a3 Rgd8 29. Qd4 Qxd4 30. exd4 Rab8 31. Bd3 Kd6 32. Kf1 f6 33. f4 g5 34. g3 gxf4 35. gxf4 Rg8 36. Kf2 h5 37. Rg1 h4 38. Rg4 Rxg4 39. hxg4 Rg8 40. Be2 h3 41. Kg1 Rh8 42. Kh2 e5 43. fxe5+ fxe5 44. dxe5+ Kxe5 45. Bd1 Bd7 46. Bxa4 Be6 47. Rd4 Rf8 48. Kxh3 Rf2 49. Rb4 Re2 50. Kg3 Re3+ 51. Kf2 Rd3 52. g5 Rh3 53. Kg2 Rd3 54. Bb5 Rd2+ 55. Kg3 Bf5 56. Bf1 Be4 57. Rb6 Rd1 0-1


[Site "https://www.chess.com"]